 Dungeon Crawl Stone Soup version 0.28-a0-1117-g0bdd5ba030 (webtiles) character file.

Game seed: 8424679288396139229

43 SensoryNuts the Slasher (level 3, 0/25 HPs)
             Began as a Demonspawn Gladiator on Dec 11, 2021.
             Was a Follower of Hepliaklqana.
             Killed from afar by Jessica (8 damage)
             ... with a puff of flame
             ... on level 2 of the Dungeon.
             The game lasted 00:01:25 (1875 turns).

SensoryNuts the Slasher (Demonspawn Gladiator)      Turns: 1875, Time: 00:01:26

Health: 0/25       AC:  4    Str: 16    XL:     3   Next: 37%
Magic:  3/3        EV: 12    Int:  9    God:    Hepliaklqana [*.....]
Gold:   85         SH:  0    Dex: 14    Spells: 2/2 levels left

rFire   . . .      SeeInvis .   a - +0 long sword
rCold   . . .      Faith    .   (no shield)
rNeg    . . .      Spirit   .   b - +0 leather armour
rPois   .          Reflect  .   c - +0 helmet
rElec   .          Harm     .   (no cloak)
rCorr   .          Rampage  .   (no gloves)
Will    .....                   (no boots)
Stlth   +.........              (no amulet)
HPRegen 0.08/turn               (no ring)
MPRegen 0.08/turn               (no ring)

@: no status effects
A: reduced essence, foul stench 1, sturdy frame 1
a: Renounce Religion, Recall Ancestor, Ancestor Identity


You were on level 2 of the Dungeon.
You worshipped Hepliaklqana.
Hepliaklqana was aware of your devotion.
You visited 1 branch of the dungeon, and saw 2 of its levels.

You collected 85 gold pieces.

Inventory:

Hand Weapons
 a - a +0 long sword (weapon)
Missiles
 d - 3 throwing nets (quivered)
Armour
 b - a +0 leather armour (worn)
 c - a +0 helmet (worn)
Scrolls
 e - 2 scrolls of fog {unknown}
 f - a scroll of teleportation {unknown}
 j - a scroll of identify {unknown}
 k - a scroll of enchant armour {unknown}
Potions
 g - a potion of haste {unknown}
 h - a potion of curing {unknown}
 i - a potion of invisibility {unknown}
 l - 2 potions of degeneration {unknown}


   Skills:
 + Level 2.4 Fighting
 + Level 3.5 Long Blades
 + Level 1.8 Throwing
 + Level 3.0 Dodging
 + Level 0.1 Stealth


You had 2 spell levels left.
You didn't know any spells.
Your spell library contained the following spells:

 Spells                   Type           Power      Damage    Failure   Level
 Call Canine Familiar     Summ           0%         N/A       77%         3
 Portal Projectile        Hex/Tloc       0%         N/A       77%         3
 Leda's Liquefaction      Hex/Erth       0%         N/A       99%         4


Dungeon Overview and Level Annotations

Branches:
Dungeon (2/15)

Altars:
Hepliaklqana

Shops:
D:1 :

Annotations:
D:2 Jessica


Innate Abilities, Weirdness & Mutations

Your life essence is reduced to manifest your ancestor. (-10% HP)
You may rarely emit foul miasma when damaged in melee.
Your movements are slightly less encumbered by armour. (ER -2)


Message History

The kobold shouts!
You swap places.
Jessica casts a spell.
Jessica blinks!
Jessica closely misses Audrea.
Jessica hits Audrea with a +0 club.
Audrea hits Jessica.
Jessica gestures wildly while chanting.
Jessica blinks!
The kobold barely misses Audrea.
Audrea hits the kobold.
The kobold hits Audrea but does no damage.
You swap places.
The kobold closely misses you.
You closely miss the kobold.
The kobold is heavily wounded.
The kobold hits you with a +0 club.
You emit a cloud of foul miasma!
Jessica gestures wildly while chanting.
Jessica seems to speed up.
You hit the kobold.
You kill the kobold!
Jessica zaps a wand.
The puff of flame misses you.
The puff of flame hits Audrea.
Audrea resists.
Jessica hits you with a +0 club.
Jessica zaps a wand.
The puff of flame hits you!
Things that are here:
a +0 club; a kobold corpse You barely miss Jessica.
Jessica is heavily wounded.
Jessica closely misses you.
You hit Jessica but do no damage.
Jessica is heavily wounded.
Jessica hits you but does no damage. Jessica hits you with a +0 club.
You closely miss Jessica.
Jessica is heavily wounded.
Jessica zaps a wand.
The puff of flame hits you. Jessica closely misses you.
You barely miss Jessica.
Jessica is heavily wounded.
Jessica hits you but does no damage.
Jessica zaps a wand.
The puff of flame hits you!
You die...

########### #..........
##.###.##### #..# #.#####
### #..###...... ...
#......##..# #####.###
#.##.####...
........######.##.####..#
.......@@R.....##........
#######.##############...
#.. .........# #.##
########.# #.# #.........
#.# #.#####... #.# #.#
#... #.# #.######.#
#.##.###.#


You could see the friendly Audrea the ancestor and Jessica (fast, ally target).

Vanquished Creatures
  A worm (D:2)
  2 dart slugs
  2 ball pythons
  An endoplasm (D:1)
  2 giant cockroaches
  2 goblins (D:2)
  6 hobgoblins
  5 kobolds
  2 quokkas (D:1)
  5 bats
  4 rats
32 creatures vanquished.

Vanquished Creatures (others)
  2 plants (D:1)
2 creatures vanquished.

Grand Total: 34 creatures vanquished

Notes
Turn   | Place    | Note
-------+----------+-------------------------------------------
     0 | D:1      | SensoryNuts the Demonspawn Gladiator began the quest for
                  | the Orb.
     0 | D:1      | Reached XP level 1. HP: 16/16 MP: 1/1
   170 | D:1      | Gained mutation: Your movements are slightly less
                  | encumbered by armour. (ER -2) [demonic ancestry]
   170 | D:1      | Reached XP level 2. HP: 22/22 MP: 2/2
   776 | D:1      | Found Doekh's Book Boutique.
  1311 | D:2      | Found a faded altar of an unknown god.
  1324 | D:2      | Prayed at the altar of an unknown god.
  1324 | D:2      | Became a worshipper of Hepliaklqana the Forgotten
  1324 | D:2      | Reached * piety under Hepliaklqana
  1354 | D:2      | Gained mutation: You may rarely emit foul miasma when
                  | damaged in melee. [demonic ancestry]
  1354 | D:2      | Reached XP level 3. HP: 20/25 MP: 3/3
  1857 | D:2      | Noticed Jessica
  1875 | D:2      | Killed from afar by Jessica

Illustrated notes

Levels and vault maps discovered:
D:1:      roderic_crop_circles_arrival_small, layout_basic, serial_shops,
          nicolae_shop_temple_entry_statues_fountains, serial_rivers,
          chequers_serial_rivers_small_b, chequers_serial_rivers_micro_e,
          chequers_serial_rivers_room_a, chequers_serial_rivers_small_b,
          chequers_serial_rivers_micro_e, chequers_serial_rivers_small_3,
          minmay_pentomino_u2
D:2:      layout_loops_ring, ebering_ecumenical_altar_sacrificial, serial_shops,
          nicolae_shop_waterfront, uniq_jessica

Skill      XL: |  1  2 |
---------------+-------+-----
Long Blades    | 3 |  3.5
Dodging        | 3 |  3.0
Fighting       | |  2.4
Throwing       | |  1.8
Stealth        | |  0.1

Action                   || total
-------------------------++-------
Melee: Long sword        ||    90
Armor: Leather armour    ||    13
Dodge: Dodged            ||    43

Table legend: (Time is in decaauts)
 A = Elapsed time spent in this place.
 B = Non-inter-level travel time spent in this place.
 C = Inter-level travel time spent in this place.
 D = Time resting spent in this place.
 E = Time spent auto-exploring this place.
 F = Levels seen in this place.
 G = Mean time per level.
                   A        B        C        D        E       F      G
               +--------+--------+--------+--------+--------+-----+--------+
         Total |   1903 |   1903 |      0 |      0 |   1624 |   2 |  951.5 |
       Dungeon |   1903 |   1903 |      0 |      0 |   1624 |   2 |  951.5 |
               +--------+--------+--------+--------+--------+-----+--------+

Top non-repeatable levels by time:
     D:1: 1177 daAuts
     D:2: 726 daAuts
